 Dungeon Crawl Stone Soup version 0.25-a0-479-g8579842fd4 (webtiles) character file.

Game seed: 10017162261013307868, levelgen mode: deterministic

4 HawFromDerth the Grave Robber (level 1, 0/13 HPs)
             Began as a Human Necromancer on Feb 9, 2020.
             Killed from afar by a dart slug (6 damage)
             ... with a slug dart
             ... on level 1 of the Dungeon.
             The game lasted 00:02:19 (723 turns).

HawFromDerth the Grave Robber (Human Necromancer)    Turns: 723, Time: 00:02:19

Health: 0/13       AC:  2    Str:  8    XL:     1   Next: 66%
Magic:  1/3        EV: 12    Int: 15    God:
Gold:   0          SH:  0    Dex: 13    Spells: 2/4 levels left

rFire    . . .     SeeInvis .   (no weapon)
rCold    . . .     Gourm    .   (no shield)
rNeg     . . .     Faith    .   a - +0 robe
rPois    .         Spirit   .   (no helmet)
rElec    .         Reflect  .   (no cloak)
rCorr    .         Harm     .   (no gloves)
MR       .....                  (no boots)
Stlth    ++........             (no amulet)
HPRegen  0.04/turn              (no ring)
MPRegen  0.08/turn              (no ring)

@: no status effects
A: no striking features
a: no special abilities


You were on level 1 of the Dungeon.
You were not hungry.

You visited 1 branch of the dungeon, and saw 1 of its levels.

Inventory:

Armour
 a - a +0 robe (worn)
Comestibles
 c - a ration


   Skills:
 + Level 2.0 Dodging
 + Level 2.0 Stealth
 + Level 2.1 Spellcasting
 + Level 4.1 Necromancy


You had 2 spell levels left.
You knew the following spells:

 Your Spells              Type           Power        Failure   Level  Hunger
a - Pain                  Necr           ##..         4%          1    #......
b - Animate Skeleton      Necr           N/A          4%          1    #......

Your spell library contained the following spells:

 Spells                   Type           Power        Failure   Level  Hunger
 Vampiric Draining        Necr           ##........   12%         3    ###....
 Animate Dead             Necr           N/A          36%         4    #####..
 Agony                    Necr           ##......     73%         5    ######.


Dungeon Overview and Level Annotations

Branches:
Dungeon (1/15)

Altars:


Message History

Press: ? - help, Shift-Dir - straight line, f/p - dart slug
Aim: a dart slug (heavily wounded, chance to defeat MR: 85%)
The dart slug writhes in agony.
Casting: Pain (safe; 4% risk of failure)
Confirm with . or Enter, or press ? or * to list all spells.
You don't have enough magic to cast that spell.
Unknown command.
The dart slug launches a dart at you. The slug dart hits you.
A dart slug is nearby!
Casting: Pain (safe; 4% risk of failure)
Confirm with . or Enter, or press ? or * to list all spells.
You don't have enough magic to cast that spell.
Unknown command.
A dart slug is nearby!
The dart slug launches a dart at you. The slug dart misses you.
The dart slug launches a dart at you. The slug dart hits you.
You die...

...#.## #.####.#
......###.# #.#
#......##.# #.#
#.........# #.#
#.##.###### #.#
#.##.#
#####.#####
#.##.#
#.........#
#.##+#
#.###.....## #.#
#.# #..@...#
#.###.##...#
.....
#..........#
....
##.....#.#.# 8.8
#8.8....#.#
#.#####.#..#w#.#
#.#.#.#.#......#
#.......#.##.#.#
#...<...#......#


You could see a dart slug.

Vanquished Creatures
  A giant cockroach (D:1)
  A hobgoblin (D:1)
  A goblin (D:1)
  A rat (D:1)
4 creatures vanquished.

Notes
Turn   | Place    | Note
-------+----------+-------------------------------------------
     0 | D:1      | HawFromDerth the Human Necromancer began the quest for the
                  | Orb.
     0 | D:1      | Reached XP level 1. HP: 13/13 MP: 3/3
     2 | D:1      | Learned a level 1 spell: Animate Skeleton
   723 | D:1      | Killed from afar by a dart slug

Levels and vault maps discovered:
D:1:      psy_arrival_basics, layout_loops_corners, serial_forest,
          infiniplex_forest_lined_ring, infiniplex_forest_clump_small,
          infiniplex_forest_clump_cross, infiniplex_forest_corner_2,
          infiniplex_forest_end_1, infiniplex_forest_lined_corner,
          infiniplex_forest_clump_diagonal, infiniplex_forest_lined_2

Action                   || total
-------------------------++-------
 Cast: Pain              ||    17
       Animate Skeleton  ||     1
  Use: Potion            ||     1
Armor: Robe              ||     1
Dodge: Dodged            ||    11

Table legend:
 A = Non-vault XP
 B = Vault XP
 C = Vault XP percentage of total XP
 D = Non-vault monster count
 E = Vault monster count
 F = Vault count percentage of total count
                 A         B        C        D         E       F
            +---------+---------+-------+---------+---------+-------
      Total |       6 |       0 |   0.0 |       4 |       0 |   0.0
            +---------+---------+-------+---------+---------+-------
        D:1 |       6 |       0 |   0.0 |       4 |       0 |   0.0
            +---------+---------+-------+---------+---------+-------
